 Dungeon Crawl Stone Soup version 0.31-a0-889-g1a8549509d (webtiles) character file.

Game seed: 12894698240348399978

100 Newt the Poker (level 4, 0/52 (55) HPs)
             Began as a Merfolk Gladiator on Oct 16, 2023.
             Succumbed to Terence's poison
             ... on level 3 of the Dungeon.
             The game lasted 00:01:53 (1653 turns).

Newt the Poker (Merfolk Gladiator)                  Turns: 1653, Time: 00:01:53

HP:   0/52 (55)     AC: 22    Str: 16    XL:     4   Next: 73%
MP:   4/4           EV:  2    Int:  7    God:
Gold: 128           SH:  0    Dex: 15    Spells: 3/3 levels left

rFire   . . .        a - +0 trident
rCold   . . .        (no shield)
rNeg    . . .        b - melded +0 leather armour
rPois   +            c - melded +0 helmet
rElec   .            (cloak currently unavailable)
rCorr   .            (gloves currently unavailable)
SInv    .            (boots currently unavailable)
Will    .....        (no amulet)
Stlth   +            f - +5 ring of evasion
HPRegen 0.28/turn    (no ring)
MPRegen 0.09/turn

%: no passive effects
@: lethally poisoned (0 -> -4), tree-form, drained
A: stationary, stasis, torment immunity, boosted hp, (nimble swimmer 2),
(mertail)
a: no special abilities


You were on level 3 of the Dungeon.
You were a tree.
You visited 1 branch of the dungeon, and saw 3 of its levels.

You collected 128 gold pieces.

Inventory:

Hand Weapons
 a - a +0 trident (weapon)
Missiles
 e - a javelin
Armour
 b - a +0 leather armour (melded)
 c - a +0 helmet (melded)
Jewellery
 f - a +5 ring of evasion (left branch)
Scrolls
 g - a scroll of amnesia {unknown}


   Skills:
 - Level 4.0 Fighting
 + Level 5.7 Polearms
 - Level 2.0 Throwing
 - Level 4.0 Dodging


You had 3 spell levels left.
You didn't know any spells.
Your spell library contained the following spells:

 Spells                   Type           Power      Damage    Failure   Level
 Passage of Golubria      Tloc           0%         N/A       99%         4
 Silence                  Hex/Air        0%         N/A       100%        5
 Lehudib's Crystal Spear  Conj/Erth      0%         10d2      100%        8


Dungeon Overview and Level Annotations

Branches:
Dungeon (2/15)

Altars:


Innate Abilities, Weirdness & Mutations

You are a tree.
Your roots penetrate the ground, keeping you stationary.
You cannot be teleported.
You are immune to unholy pain and torment.
Your maximum health is greatly increased.
Your equipment is partially melded.
((You are very nimble when in or above water. (Stealth+, EV+, Speed+++)))
((Your lower body shifts to a powerful aquatic tail in water.))


Message History

You puncture Terence!
Terence is severely wounded.
You feel sick.
Your goblin hits Terence but does no damage.
The goblin hits you but does no damage.
Your hobgoblin hits Terence. Terence hits you but does no damage.
Unknown command.
You hit Terence but do no damage.
Terence is almost dead.
You feel sick.
Your hobgoblin barely misses Terence.
The goblin hits you but does no damage.
Your goblin closely misses Terence.
Your kobold hits Terence but does no damage.
The kobold throws a stone.
The stone closely misses your goblin. The stone hits you but does no damage.
Terence says, "How do you enjoy it?" Terence hits you but does no damage.
You are lethally poisoned!
You hit Terence.
You kill Terence!
* * * LOW HITPOINT WARNING * * *
You feel very sick.
Your kobold completely misses the goblin.
The goblin hits you but does no damage.
The kobold throws a stone.
The stone hits you but does no damage.
You closely miss the goblin.
* * * LOW HITPOINT WARNING * * *
You feel sick.
Your kobold barely misses the goblin.
The goblin hits you but does no damage.
Your goblin barely misses the goblin.
Your hobgoblin misses the goblin.
The kobold throws a stone.
The stone hits you.
* * * LOW HITPOINT WARNING * * *
You hit the goblin.
You kill the goblin!
* * * LOW HITPOINT WARNING * * *
You feel sick.
The kobold throws a stone.
The stone barely misses your hobgoblin. The stone hits you but does no damage.
Unknown command.
Unknown command.
There is a lethal amount of poison in your body!
You die...

......(.# #........
#.......# .#.......#
..!.K....# .#
.#.......# .#######
......†g.###.........
PPP....g)).#..........
.......†♣)............
P.......K...#.........
..P....##.............
..P....####...........
..P...................
P.P....##..#..........
....... #>##.#...####


PP.. #. #..#..# #. ##.#..# You could see a kobold (ally target), a friendly
hobgoblin (summoned), a friendly goblin (summoned) and a friendly kobold
(summoned).

Vanquished Creatures
  Terence (D:3)
  A gnoll (D:2)
  2 dart slugs
  3 bats
  5 endoplasms
  2 giant cockroaches
  7 goblins
  3 hobgoblins
  5 jackals (D:2)
  6 kobolds
  5 quokkas (D:1)
  5 ball pythons
  A rat (D:2)
46 creatures vanquished.

Vanquished Creatures (collateral kills)
  A giant cockroach (D:3)
  2 goblins
  A hobgoblin (D:2)
4 creatures vanquished.

Grand Total: 50 creatures vanquished

Notes
Turn   | Place    | Note
-------+----------+-------------------------------------------
     0 | D:1      | Newt the Merfolk Gladiator began the quest for the Orb.
     0 | D:1      | Reached XP level 1. HP: 16/16 MP: 1/1
   110 | D:1      | Reached XP level 2. HP: 24/24 MP: 2/2
   464 | D:1      | Reached XP level 3. HP: 23/30 MP: 3/3
  1420 | D:2      | Reached skill level 5 in Polearms
  1420 | D:2      | Reached XP level 4. HP: 37/37 MP: 4/4
  1617 | D:2      | You fall into a shaft and drop 1 floor!
  1628 | D:3      | Noticed Terence
  1650 | D:3      | Killed Terence
  1652 | D:3      | HP: 1/51 [poisoned by Terence]
  1653 | D:3      | Succumbed to Terence's poison

Illustrated notes

Levels and vault maps discovered:
D:1:      minmay_arrival_jagged, layout_loops_ring
D:2:      wad_river_or_something, layout_basic, minmay_pentomino_o4
D:3:      layout_rooms, mainiacjoe_overflow_cross_hatched,
          hellmonk_ecumenical_altar_leap_of_faith, uniq_jessica, uniq_terence

Skill      XL: |  1  2  3 |
---------------+----------+-----
Fighting       | 3 4 |  4.0
Polearms       | 5 |  5.7
Throwing       | |  2.0
Dodging        | |  4.0

Action                     |  1- 3 |  4- 6 || total
---------------------------+-------+-------++-------
  Melee: Trident           |   137 |    16 ||   153
         Punch             |     2 |       ||     2
  Throw: Throwing net      |       |     3 ||     3
    Use: Scroll            |     4 |     1 ||     5
         Potion            |       |     4 ||     4
   Stab: Sleeping          |     6 |       ||     6
 Armour: Leather armour    |    29 |     6 ||    35
         Skin              |       |    24 ||    24
  Dodge: Dodged            |    84 |    15 ||    99

Table legend: (Time is in decaauts)
 A = Elapsed time spent in this place.
 B = Non-inter-level travel time spent in this place.
 C = Inter-level travel time spent in this place.
 D = Time resting spent in this place.
 E = Time spent auto-exploring this place.
 F = Levels seen in this place.
 G = Mean time per level.
                   A        B        C        D        E       F      G
               +--------+--------+--------+--------+--------+-----+--------+
         Total |   1662 |   1610 |     52 |      0 |   1287 |   3 |  554.0 |
       Dungeon |   1662 |   1610 |     52 |      0 |   1287 |   3 |  554.0 |
               +--------+--------+--------+--------+--------+-----+--------+

Top non-repeatable levels by time:
     D:1: 1023 daAuts
     D:2: 602 daAuts
     D:3: 35 daAuts
